 Dungeon Sprint DCSS version 0.30-a0-122-g2a1322497e (webtiles) character file.

Game seed: 2053828349288318635

1201 rocky1 the Basher (level 8, -8/88 HPs)
             Began as a Troll Gladiator on Sept 16, 2022.
             Was a Priest of Okawaru.
             Mangled by a lindwurm (14 damage)
             ... in the Dungeon (Sprint VII: "The Pits").
             The game lasted 00:03:54 (961 turns).

rocky1 the Basher (Troll Gladiator)                  Turns: 961, Time: 00:03:54

Health: -8/88      AC: 11    Str: 25    XL:     8   Next: 21%
Magic:  7/7        EV: 12    Int:  4    God:    Okawaru [***...]
Gold:   0          SH:  0    Dex: 11    Spells: 7/7 levels left

rFire   . . .      SeeInvis .    n - +0 flail (protect)
rCold   . . .      Faith    .    (no shield)
rNeg    . . .      Spirit   .    b - +0 robe
rPois   .          Reflect  .    c - +0 hat
rElec   .          Harm     .    (no cloak)
rCorr   .          Rampage  .    (gloves unavailable)
Will    .....      NoTele   +    (boots unavailable)
Stlth   +.........               (no amulet)
HPRegen 1.04/turn                (no ring)
MPRegen 0.10/turn                (no ring)

@: under a protective aura, hasted and slowed, invisible
A: large, unfitting armour, claws 3, regeneration 1, shaggy fur 1, tough skin 1
a: Renounce Religion, Heroism


You were in the Dungeon.
You worshipped Okawaru.
Okawaru was most pleased with you.
You visited 1 branch

Inventory:

Hand Weapons
 a - a +0 flail
 n - a +0 flail of protection (weapon)
Missiles
 d - 3 throwing nets (quivered)
 e - a large rock
Armour
 b - a +0 robe (worn)
 c - a +0 hat (worn)
Scrolls
 k - a scroll of blinking
 m - 5 scrolls of amnesia
Potions
 f - 2 potions of curing
 i - 4 potions of magic
 j - a potion of berserk rage


   Skills:
 + Level 7.8 Fighting
 + Level 8.8 Maces & Flails
 + Level 8.5 Throwing
 + Level 1.8 Armour
 + Level 8.0 Dodging


You had 7 spell levels left.
You didn't know any spells.
Your spell library was empty.

Dungeon Overview and Level Annotations

Branches:
Dungeon (1/1)

Altars:
Ashenzari
Cheibriados
Dithmenos
Elyvilon
Fedhas
Gozag
Hepliaklqana
Kikubaaqudgha
Makhleb
Nemelex Xobeh
Okawaru
Qazlal
Ru
Sif Muna
Trog
Uskayaw
Vehumet
Wu Jian
Xom
Yredelemnul
Zin
The Shining One
Jiyva
Lugonu


Innate Abilities, Weirdness & Mutations

You are too large for most types of armour.
You have claws for hands.
Your natural rate of healing is unusually fast.
You are covered in fur. (AC +1)
You have tough skin. (AC +1)


Message History

The lindwurm is moderately wounded.
The lindwurm closely misses you. The lindwurm claws you.
* * * LOW HITPOINT WARNING * * *
The lindwurm claws you but does no damage.
Unknown command.
You feel better. The lindwurm barely misses you.
The lindwurm claws you but does no damage.
The lindwurm claws you.
Unknown command.
You barely miss the lindwurm.
The lindwurm is moderately wounded.
The lindwurm breathes flames at you. The blast of flame hits you!!
* * * LOW HITPOINT WARNING * * *
You barely miss the lindwurm.
The lindwurm is moderately wounded.
You hit the lindwurm.
The lindwurm is moderately wounded.
The lindwurm bites you but does no damage.
The lindwurm barely misses you. x2
You thump the lindwurm!
The lindwurm is heavily wounded.
Your extra speed is starting to run out.
The lindwurm bites you!
* * * LOW HITPOINT WARNING * * *
The lindwurm barely misses you.
The lindwurm claws you but does no damage.
You fail to use your ability.
The lindwurm closely misses you.
The lindwurm claws you but does no damage.
The lindwurm closely misses you.
Unknown command.
You barely miss the lindwurm.
The lindwurm is heavily wounded.
The lindwurm breathes flames at you. The blast of flame misses you.
You sock the lindwurm!
The lindwurm is severely wounded.
You recover from your berserk rage.
The lindwurm bites you!
You die...

#.##)####).##.......#
#.#.....#[[##.......#
#†#....†#'###...<...#
#)#........##.......#
#.#........##.......#
#'###########.......#
#.......#.. #########
#...#...#.#
#...#...#@#
#.##.##.#k#
#...#...#g'....+
#...#...#'#....#
#.......).#....#
########### ####


You could see a lindwurm (unable to see you, catching breath) and a goblin
(unable to see you).

Vanquished Creatures
  A guardian mummy (D)
  A hornet (D)
  2 wargs (D)
  A sky beast (D)
  A black bear (D)
  A bullfrog (D)
  A gnoll sergeant (D)
  An orc priest (D)
  A jelly (D)
  A gnoll bouda (D)
  2 orc wizards (D)
  7 gnolls (D)
  A river rat (D)
  2 orcs (D)
  A bat skeleton (D)
  A goblin (D)
  3 jackals (D)
  A quokka (D)
  3 kobolds (D)
32 creatures vanquished.

Notes
Turn   | Place    | Note
-------+----------+-------------------------------------------
     0 | D        | rocky1 the Troll Gladiator began the quest for the Orb.
     0 | D        | Reached XP level 1. HP: 19/19 MP: 0/0
    18 | D        | Found a bloodstained altar of Trog.
    18 | D        | Found a shimmering blue altar of Sif Muna.
    18 | D        | Found a viscous altar of Jiyva.
    18 | D        | Found a hazy altar of Hepliaklqana.
    18 | D        | Found an opulent altar of Gozag.
    19 | D        | Found a glowing golden altar of the Shining One.
    19 | D        | Found a glowing silver altar of Zin.
    19 | D        | Found a basalt altar of Yredelemnul.
    19 | D        | Found a shimmering altar of Xom.
    19 | D        | Found an ornate altar of the Wu Jian Council.
    19 | D        | Found a sacrificial altar of Ru.
    19 | D        | Found a stormy altar of Qazlal.
    19 | D        | Found an iron altar of Okawaru.
    19 | D        | Found a sparkling altar of Nemelex Xobeh.
    19 | D        | Found a burning altar of Makhleb.
    19 | D        | Found a blossoming altar of Fedhas.
    19 | D        | Found a white marble altar of Elyvilon.
    19 | D        | Found a shadowy altar of Dithmenos.
    19 | D        | Found a snail-covered altar of Cheibriados.
    22 | D        | Found a corrupted altar of Lugonu.
    22 | D        | Found a radiant altar of Vehumet.
    23 | D        | Found an ancient bone altar of Kikubaaqudgha.
    23 | D        | Found a hide-covered altar of Uskayaw.
    23 | D        | Found a broken altar of Ashenzari.
    29 | D        | Became a worshipper of Warmaster Okawaru
   308 | D        | Reached XP level 2. HP: 28/28 MP: 1/1
   309 | D        | Noticed a bullfrog
   342 | D        | Killed a bullfrog
   343 | D        | Reached XP level 3. HP: 35/39 MP: 2/2
   343 | D        | Reached XP level 4. HP: 44/48 MP: 3/3
   393 | D        | Noticed a warg
   393 | D        | Noticed a warg
   396 | D        | Noticed a sky beast
   433 | D        | Reached skill level 5 in Maces & Flails
   440 | D        | Killed a sky beast
   440 | D        | Reached * piety under Okawaru
   441 | D        | Reached skill level 5 in Fighting
   441 | D        | Reached skill level 5 in Throwing
   441 | D        | Reached skill level 5 in Dodging
   441 | D        | Reached XP level 5. HP: 38/57 MP: 4/4
   467 | D        | Reached XP level 6. HP: 37/66 MP: 5/5
   542 | D        | Killed a warg
   542 | D        | Reached ** piety under Okawaru
   564 | D        | Killed a warg
   565 | D        | Reached XP level 7. HP: 42/76 MP: 6/6
   617 | D        | Noticed a guardian mummy
   637 | D        | Killed a guardian mummy
   637 | D        | Reached *** piety under Okawaru
   799 | D        | Reached XP level 8. HP: 80/87 MP: 7/7
   909 | D        | Noticed a lindwurm
   909 | D        | Noticed a hornet
   935 | D        | Paralysed by a hornet for 3 turns
   937 | D        | HP: 2/87 [hornet (4)]
   946 | D        | Killed a hornet
   947 | D        | Reached skill level 1 in Armour
   951 | D        | HP: 3/88 [lindwurm/blast of flame (9)]
   958 | D        | HP: 3/88 [lindwurm (8)]
   961 | D        | Mangled by a lindwurm

Illustrated notes

Levels and vault maps discovered:
D:        pitsprint [storerooms_1, entrance_room_1, metal_vault_2, armoury_2,
          mini_pit_1, grid_room_1, main_hall_1, silver_pit, the_coven_3,
          the_vestibule_1, steel_vault_5, golden_pit, hallway_of_sentries,
          crystal_vault_1, iron_vault_2, final_vault]

Skill      XL: |  1  2  3  4  5  6  7  8 |
---------------+-------------------------+-----
Throwing       | 2 4 5 7 8 |  8.5
Fighting       | 2 3 5 6 7 |  7.8
Maces & Flails | 3 4 6 7 8 |  8.8
Dodging        | 4 5 7 8 |  8.0
Armour         | 1 |  1.8

Action                   |  1- 3 |  4- 6 |  7- 9 || total
-------------------------+-------+-------+-------++-------
Melee: Flail             |    33 |    90 |    81 ||   204
       Punch             |       |       |     2 ||     2
  Use: Potion            |       |     4 |    11 ||    15
 Stab: Sleeping          |     1 |       |       ||     1
       Invisible         |       |       |     9 ||     9
Armor: Robe              |    24 |    56 |    27 ||   107
Dodge: Dodged            |    24 |    58 |    48 ||   130

Table legend: (Time is in decaauts)
 A = Elapsed time spent in this place.
 B = Non-inter-level travel time spent in this place.
 C = Inter-level travel time spent in this place.
 D = Time resting spent in this place.
 E = Time spent auto-exploring this place.
 F = Levels seen in this place.
 G = Mean time per level.
                   A        B        C        D        E       F      G
               +--------+--------+--------+--------+--------+-----+--------+
         Total |    984 |    967 |     17 |    529 |      0 |   1 |  984.0 |
       Dungeon |    984 |    967 |     17 |    529 |      0 |   1 |  984.0 |
               +--------+--------+--------+--------+--------+-----+--------+

Top non-repeatable levels by time:
       D: 984 daAuts
